 Dungeon Crawl Stone Soup version 0.32-a0-119-g2e8054a333 (webtiles) character file.

Game seed: 2844506924571120018

36 CougarLife the Caller (level 3, 0/24 HPs)
             Began as a Merfolk Summoner on Feb 6, 2024.
             Slain by an iguana (10 damage)
             ... on level 3 of the Dungeon.
             The game lasted 00:02:56 (1066 turns).

CougarLife the Caller (Merfolk Summoner)            Turns: 1066, Time: 00:02:57

Health: 0/24       AC:  2    Str:  8    XL:     3   Next: 37%
Magic:  7/7        EV: 12    Int: 16    God:
Gold:   33         SH:  0    Dex: 14    Spells: 3/7 levels left

rFire   . . .        g - +0 spear
rCold   + . .        (no shield)
rNeg    . . .        a - +0 robe
rPois   .            (no helmet)
rElec   .            (no cloak)
rCorr   .            (no gloves)
SInv    .            (no boots)
Will    .....        (no amulet)
Stlth   ++           e - ring of protection from cold
HPRegen 0.24/turn    (no ring)
MPRegen 0.10/turn

%: no passive effects
@: unable to call your familiar
A: (nimble swimmer 2), mertail
a: no special abilities


You were on level 3 of the Dungeon.
You visited 1 branch of the dungeon, and saw 3 of its levels.

You collected 33 gold pieces.

Inventory:

Hand Weapons
 g - a +0 spear (weapon)
Armour
 a - a +0 robe (worn)
Jewellery
 e - a ring of protection from cold (left hand)
Wands
 f - a wand of roots (11)
Scrolls
 c - 2 scrolls of identify {unknown}
Potions
 b - a potion of magic
 d - a potion of mutation {unknown}


   Skills:
 - Level 2.6 Dodging
 - Level 2.1 Stealth
 + Level 2.8 Spellcasting
 + Level 4.5 Summonings


You had 3 spell levels left.
You knew the following spells:

 Your Spells              Type           Power      Damage    Failure   Level
a - Summon Small Mammal   Summ           64%        N/A       3%          1
b - Call Canine Familiar  Summ           16%        N/A       9%          3

Your spell library contained the following spells:

 Spells                   Type           Power      Damage    Failure   Level
 Call Imp                 Summ           32%        N/A       4%          2
 Gell's Gravitas          Tloc           2%         N/A       50%         3
 Teleport Other           Tloc           2%         N/A       50%         3
 Summon Blazeheart Golem  Fire/Summ      9%         N/A       58%         4
 Summon Lightning Spire   Summ/Air       9%         N/A       58%         4
 Dispersal                Tloc           1%         N/A       100%        6


Dungeon Overview and Level Annotations

Branches:
Dungeon (2/15)

Altars:


Innate Abilities, Weirdness & Mutations

((You are very nimble when in or above water. (Stealth+, EV+, Speed+++)))
Your lower body shifts to a powerful aquatic tail in water.


Message History

Found a scroll labelled EVUIGA TEILE.
You swap places.
Your inugami hits the iguana. The iguana bites your inugami.
You reach to attack!
You completely miss the iguana.
The iguana is lightly wounded.
Your inugami barely misses the iguana.
The iguana bites your inugami.
There are no items here.
Reach: g) +0 spear
Press: ? - help, Dir - move target, f/p - iguana
Aim: an iguana (lightly wounded, ally target, about 36% to evade your +0 spear)
You could not reach far enough!
Your inugami hits the iguana. The iguana bites your inugami!
Your inugami dies!
Your inugami disappears in a puff of smoke!
Reach: g) +0 spear
Press: ? - help, Dir - move target, f/p - iguana
Aim: an iguana (heavily wounded, about 36% to evade your +0 spear)
You reach to attack!
You closely miss the iguana.
The iguana is heavily wounded.
Sorry, you're not good enough to have a special ability.
Casting: Call Canine Familiar (quite dangerous; 9% risk of failure)
Confirm with . or Enter, or press ? or * to list all spells.
Your canine familiar is too injured to answer your call.
The iguana attacks as it pursues you! The iguana closely misses you.
There is an open door here.
You closely miss the iguana.
The iguana is heavily wounded.
The iguana bites you.
You hit the iguana but do no damage. You punch the iguana, but do no damage.
The iguana is heavily wounded.
The iguana bites you but does no damage.
You hit the iguana but do no damage. Your punch misses the iguana.
The iguana is heavily wounded.
The iguana closely misses you.
You barely miss the iguana.
The iguana is heavily wounded.
The iguana bites you!
You hit the iguana.
The iguana is severely wounded.
The iguana bites you!
You die...

#.# # #.# . #.# #
#.# ######### #.#
#.......# #.#
#.......#### #.#
#...........
#.####...........
#...@l...........
######...........
##'###....l. #.#
..... #.# ....
#.# ... #.# ..
#.# ? #.#


You could see an iguana.

Vanquished Creatures
  An adder (D:3)
  An endoplasm (D:1)
  A hobgoblin (D:1)
  A quokka (D:1)
  A kobold (D:1)
  A rat (D:3)
6 creatures vanquished.

Vanquished Creatures (collateral kills)
  A dart slug (D:1)
  A ball python (D:1)
  5 endoplasms (D:1)
  2 hobgoblins (D:1)
  2 quokkas (D:1)
  A bat (D:1)
  A frilled lizard (D:1)
  A goblin (D:1)
  A kobold (D:1)
  3 rats (D:1)
18 creatures vanquished.

Grand Total: 24 creatures vanquished

Notes
Turn   | Place    | Note
-------+----------+-------------------------------------------
     0 | D:1      | CougarLife the Merfolk Summoner began the quest for the
                  | Orb.
     0 | D:1      | Reached XP level 1. HP: 13/13 MP: 3/3
    64 | D:1      | Reached XP level 2. HP: 5/19 MP: 0/5
   679 | D:1      | Reached XP level 3. HP: 24/24 MP: 6/6
   935 | D:2      | You fall into a shaft and drop 1 floor!
   967 | D:3      | Learned a level 3 spell: Call Canine Familiar
  1066 | D:3      | Slain by an iguana

Illustrated notes

Levels and vault maps discovered:
D:1:      evilmike_arrival_plus, layout_rooms
D:2:      layout_loops_corners, chequers_serial_rivers_room_a
D:3:      layout_basic, amcnicky_altar_gilded, nicolae_wormholes

Action                     || total
---------------------------++-------
  Melee: Unarmed           ||    23
         Spear             ||    30
         Short sword       ||     6
         Punch             ||     1
   Cast: Summon Small Mamm ||    33
         Call Canine Famil ||     1
   Stab: Sleeping          ||     3
 Armour: Robe              ||    43
  Dodge: Dodged            ||    52

Table legend: (Time is in decaauts)
 A = Elapsed time spent in this place.
 B = Non-inter-level travel time spent in this place.
 C = Inter-level travel time spent in this place.
 D = Time resting spent in this place.
 E = Time spent auto-exploring this place.
 F = Levels seen in this place.
 G = Mean time per level.
                   A        B        C        D        E       F      G
               +--------+--------+--------+--------+--------+-----+--------+
         Total |   1066 |   1058 |      8 |    132 |    598 |   3 |  355.3 |
       Dungeon |   1066 |   1058 |      8 |    132 |    598 |   3 |  355.3 |
               +--------+--------+--------+--------+--------+-----+--------+

Top non-repeatable levels by time:
     D:1: 922 daAuts
     D:3: 132 daAuts
     D:2: 11 daAuts
